 Dungeon Crawl Stone Soup version 0.31-a0-771-g505c3d19dc (webtiles) character file.

Game seed: 973004064321580777

311 Psyclone the Firebug (level 6, 0/36 HPs)
             Began as an Octopode Fire Elementalist on Sept 16, 2023.
             Succumbed to a scorpion's poison
             ... on level 4 of the Dungeon.
             The game lasted 00:08:34 (3277 turns).

Psyclone the Firebug (Octopode Fire Elementalist)   Turns: 3277, Time: 00:08:35

Health: 0/36       AC:  1    Str:  6    XL:     6   Next: 42%
Magic:  0/11       EV: 13    Int: 24    God:
Gold:   134        SH:  0    Dex: 11    Spells: 6/12 levels left

rFire   + . .        b - +2 dagger (speed)
rCold   . . .        (no shield)
rNeg    . . .        (helmet restricted)
rPois   .            (no amulet)
rElec   .            (no ring)
rCorr   .            (no ring)
SInv    .            (no ring)
Will    +....        (no ring)
Stlth   +++          (no ring)
HPRegen 0.26/turn    (no ring)
MPRegen 0.12/turn    (no ring)
                     (no ring)

%: no passive effects
@: lethally poisoned (0 -> -10), about to teleport
A: almost no armour, amphibious, 8 rings, camouflage 1, gelatinous body 1,
(nimble swimmer 1), tentacles, clever 1, fire resistance 1, strong-willed 1
a: no special abilities


You were on level 4 of the Dungeon.
You visited 1 branch of the dungeon, and saw 4 of its levels.

You collected 134 gold pieces.

Inventory:

Hand Weapons
 b - a +2 dagger of speed (weapon)
Magical Staves
 a - a staff of conjuration
 h - a staff of air
Scrolls
 e - a scroll of identify {@r1}
 g - a scroll of immolation
Potions
 c - a potion of magic


   Skills:
 - Level 2.0 Dodging
 - Level 2.6 Stealth
 + Level 3.8 Spellcasting
 + Level 3.6 Conjurations
 + Level 4.6 Fire Magic


You had 6 spell levels left.
You knew the following spells:

 Your Spells              Type           Power      Damage    Failure   Level
a - Foxfire               Conj/Fire      96%        2x1d8     1%          1
b - Scorch                Fire           54%        2d7       2%          2
e - Inner Flame           Hex/Fire       15%        N/A       12%         3

Your spell library contained the following spells:

 Spells                   Type           Power      Damage    Failure   Level
 Volatile Blastmotes      Fire/Tloc      30%        2d12      12%         3
 Ensorcelled Hibernation  Hex/Ice        8%         N/A       16%         2
 Passwall                 Tmut/Erth      3%         N/A       16%         2
 Flame Wave               Conj/Fire      24%        2d8       19%         4
 Swiftness                Air            4%         N/A       30%         3


Dungeon Overview and Level Annotations

Branches:
Dungeon (4/15) Zot: 20736
 Temple: D:4-7

Altars:


Innate Abilities, Weirdness & Mutations

You cannot wear most types of armour.
You are amphibious.
You can wear up to eight rings at the same time.
Your skin changes colour to match your surroundings (Stealth+).
Your rubbery body absorbs attacks. (AC +1, EV +1)
((You are camouflaged when in or above water. (Stealth+)))
You have tentacles for arms and can constrict up to eight enemies at once.
Your mind is acute. (Int +4, Str/Dex -1)
Your flesh is heat resistant. (rF+)
You are strong-willed. (Will+)


Message History

You are poisoned.
The adder poisons you! The adder bites you.
* * * LOW HITPOINT WARNING * * *
You take 3 damage, and have 4/36 hp.
You now have 5/11 mp.
You feel better. The adder bites you.
* * * LOW HITPOINT WARNING * * *
You regained 4 hp, and now have 8/36 hp.
Casting: Scorch (safe; 2% risk of failure)
Confirm with . or Enter, or press ? or * to list all spells.
Flames lash the adder.
The adder is burned terribly!
You kill the adder!
You now have 3/11 mp.
You start resting.
A scorpion comes into view.
The scorpion attacks as it pursues you! The scorpion stings you.
* * * LOW HITPOINT WARNING * * *
You take 1 damage, and have 9/36 hp.
There is a stone staircase leading up here.
Casting: Scorch (safe; 2% risk of failure)
Confirm with . or Enter, or press ? or * to list all spells.
Flames lash the scorpion.
The scorpion is lightly wounded.
The scorpion's fire resistance burns away.
The scorpion stings you.
* * * LOW HITPOINT WARNING * * *
You are lethally poisoned!
The scorpion poisons you!
You take 4 damage, and have 5/36 hp.
You now have 2/11 mp.
Casting: Scorch (safe; 2% risk of failure)
Confirm with . or Enter, or press ? or * to list all spells.
Flames lash the scorpion.
The scorpion is burned terribly!
You kill the scorpion!
* * * LOW HITPOINT WARNING * * *
You feel very sick.
You take 2 damage, and have 3/36 hp.
You now have 0/11 mp.
Okay, then.
Okay, then.
As you read the scroll of teleportation, it crumbles to dust.
You feel strangely unstable.
You die...

..# ..# #.#
#.#
####.######
#......#..###
#.....†..#..#
#...)†.####s#
#..).@.# #.##
####+###
##†## #..#
##....#
#.^..#
##.^....
#....# .^.^..
^^...^


There were no monsters in sight!

Vanquished Creatures
  3 scorpions (D:4)
  A hound (D:3)
  3 adders
  2 worms (D:2)
  6 orcs
  3 ball pythons
  4 endoplasms
  5 goblins
  8 hobgoblins
  3 jackals (D:2)
  A quokka (D:3)
  11 bats
  7 frilled lizards
  6 kobolds
  8 rats
71 creatures vanquished.

Vanquished Creatures (others)
  128 foxfires
128 creatures vanquished.

Grand Total: 199 creatures vanquished

Notes
Turn   | Place    | Note
-------+----------+-------------------------------------------
     0 | D:1      | Psyclone the Octopode Fire Elementalist began the quest for
                  | the Orb.
     0 | D:1      | Reached XP level 1. HP: 11/11 MP: 3/3
   329 | D:1      | Reached XP level 2. HP: 15/17 MP: 5/5
  1086 | D:2      | Found a faded altar of an unknown god.
  1163 | D:2      | Reached XP level 3. HP: 20/21 MP: 3/6
  1970 | D:2      | Gained mutation: You have a pair of small antennae on your
                  | head. [potion of mutation]
  1970 | D:2      | Gained mutation: You have hidden genetic defects. [potion
                  | of mutation]
  1970 | D:2      | Gained mutation: Your spells are a little harder to cast,
                  | but a little more powerful. [potion of mutation]
  1971 | D:2      | Lost mutation: You have hidden genetic defects. [potion of
                  | mutation]
  1971 | D:2      | Lost mutation: Your spells are a little harder to cast, but
                  | a little more powerful. [potion of mutation]
  1971 | D:2      | Lost mutation: You have a pair of small antennae on your
                  | head. [potion of mutation]
  1971 | D:2      | Gained mutation: Your mind is acute. (Int +4, Str/Dex -1)
                  | [potion of mutation]
  1971 | D:2      | Gained mutation: You are strong-willed. (Will+) [potion of
                  | mutation]
  1971 | D:2      | Gained mutation: Your flesh is heat resistant. (rF+)
                  | [potion of mutation]
  2160 | D:3      | Learned a level 2 spell: Scorch
  2164 | D:3      | Learned a level 3 spell: Inner Flame
  2378 | D:3      | Reached XP level 4. HP: 27/27 MP: 5/8
  3132 | D:4      | Noticed a scorpion
  3137 | D:4      | Killed a scorpion
  3138 | D:4      | Reached skill level 4 in Fire Magic
  3138 | D:4      | Reached XP level 5. HP: 30/31 MP: 0/10
  3255 | D:4      | Reached XP level 6. HP: 10/36 MP: 8/11
  3277 | D:4      | Succumbed to a scorpion's poison

Illustrated notes

Levels and vault maps discovered:
D:1:      scummos_arrival_forest, layout_loops_ring, minmay_tetromino_t4
D:2:      layout_loops_corners, chequers_ecumenical_altar_simple,
          ebering_dispersal_statue_hall, kennysheep_generic_room_14
D:3:      layout_loops_ring, grunt_ministairs_13, kennysheep_pointless_box
D:4:      old_forge, layout_basic, mainiacjoe_overflow_divided_tiny,
          minmay_temple_entry_stoned_glass, serial_shops, shop,
          minmay_close_crescents, uniq_blork_the_orc, uniq_pikel

Skill      XL: |  1  2  3  4 |
---------------+-------------+-----
Conjurations   | 2 3 |  3.6
Spellcasting   | 3 |  3.8
Fire Magic     | 4 |  4.6
Dodging        | |  2.0
Stealth        | |  2.6

Action                     |  1- 3 |  4- 6 || total
---------------------------+-------+-------++-------
  Melee: Dagger            |    47 |    22 ||    69
         Constrict         |    17 |     6 ||    23
         Tentacles         |    10 |     5 ||    15
         Unarmed           |     1 |       ||     1
   Cast: Foxfire           |    47 |    32 ||    79
         Scorch            |     2 |     5 ||     7
    Use: Potion            |     5 |     1 ||     6
         Scroll            |     4 |     1 ||     5
   Stab: Sleeping          |     2 |       ||     2
 Armour: Skin              |    23 |    19 ||    42
  Dodge: Dodged            |    25 |    15 ||    40

Table legend: (Time is in decaauts)
 A = Elapsed time spent in this place.
 B = Non-inter-level travel time spent in this place.
 C = Inter-level travel time spent in this place.
 D = Time resting spent in this place.
 E = Time spent auto-exploring this place.
 F = Levels seen in this place.
 G = Mean time per level.
                   A        B        C        D        E       F      G
               +--------+--------+--------+--------+--------+-----+--------+
         Total |   3263 |   3154 |    109 |     87 |   2619 |   4 |  815.8 |
       Dungeon |   3263 |   3154 |    109 |     87 |   2619 |   4 |  815.8 |
               +--------+--------+--------+--------+--------+-----+--------+

Top non-repeatable levels by time:
     D:2: 1075 daAuts
     D:3: 1051 daAuts
     D:1: 985 daAuts
     D:4: 151 daAuts
